 Dungeon Crawl Stone Soup version 0.18.1-48-g4cf74bf (webtiles) character file.

35 nicanaca0 the Chopper (level 3, -2/31 HPs)
             Began as a Minotaur Berserker on June 28, 2016.
             Was a Believer of Trog.
             Slain by Grinder (9 damage)
             ... on level 2 of the Dungeon.
             The game lasted 00:02:19 (1141 turns).

nicanaca0 the Chopper (Minotaur Berserker)          Turns: 1141, Time: 00:02:20

Health: -2/31      AC:  5    Str: 21    XL:     3   Next: 16%
Magic:  2/2        EV: 11    Int:  4    God:    Trog [**....]
Gold:   91         SH:  0    Dex: 10    Spells: 0 memorised, 2 levels left

rFire  . . .     SeeInvis .     a - +0 hand axe
rCold  . . .     Gourm    .     n - +0 ring mail (curse)
rNeg   . . .     Faith    .     (no shield)
rPois  .         Spirit   .     (helmet restricted)
rElec  .         Dismiss  .     (no cloak)
rCorr  .         Reflect  .     (no gloves)
SustAt .         Harm     .     (no boots)
MR     .....     Rnd*Tele +     (no amulet)
Stlth  ..........               (no ring)
                                k - ring of teleportation (curse)

@: not resistant to hostile enchantments, extremely unstealthy
A: retaliatory headbutt, horns 2
a: Berserk, Trog's Hand, Burn Spellbooks, Renounce Religion


You were on level 2 of the Dungeon.
You worshipped Trog.
Trog was pleased with you.
You were not hungry.

You visited 1 branch of the dungeon, and saw 3 of its levels.

You collected 91 gold pieces.

Inventory:

Hand Weapons
 a - a +0 hand axe (weapon)
Armour
 n - a cursed +0 ring mail (worn)
Jewellery
 k - a cursed ring of teleportation (left hand)
Scrolls
 e - a scroll of teleportation {unknown}
 i - a scroll of identify {unknown}
 j - a scroll of remove curse {unknown}
 m - a scroll of recharging {unknown}
Potions
 d - a potion of lignification {unknown}
 f - a potion of invisibility {unknown}
 l - 2 potions of curing {unknown}
Comestibles
 c - 2 bread rations
 g - a chunk of flesh
 h - a beef jerky


   Skills:
 - Level 3.6 Fighting
 * Level 5.2 Axes
 - Level 2.4 Armour
 - Level 2.1 Dodging


You had 2 spell levels left.
You didn't know any spells.

Dungeon Overview and Level Annotations

Branches:
Dungeon (3/15)

Altars:

Annotations:
D:2 Grinder


Innate Abilities, Weirdness & Mutations

You reflexively headbutt those who attack you in melee.
You have a pair of horns on your head.


Message History

You are too injured to fight recklessly!
You closely miss the giant cockroach. You hit Grinder but do no damage.
Grinder is lightly wounded.
You hit the worm but do no damage.
The worm is moderately wounded.
Grinder hits you.
* * * LOW HITPOINT WARNING * * *
You writhe in agony. x2; The giant cockroach closely misses you.
The giant cockroach barely misses you.
Grinder blinks!
The worm barely misses you.
You climb upwards.
There is a stone staircase leading down here.
You hit the worm but do no damage. You headbutt the worm.
The worm is heavily wounded.
You completely miss Grinder.
Grinder is lightly wounded.
You hit the giant cockroach.
The giant cockroach is severely wounded.
The giant cockroach misses you. Grinder hits you!
You die...

.## #...# ### #.# #..
..#######.### #.# ##..
..........# ##.## #...
..#######.# ##...## #...
...# #.# ####.....#####.#.
##.# #.# #............#...
##.# #.# #.##....)###.#.##
##.# #.#######.###...##
#.#.#. ##.#
#......5@w.###.#####.#...
##.# #########s.#
#.....)..).. ##.#
####..#########.##.. ##.#
#..........####.###. ...#
#.##............# ## .###
########.......##.####.# #
.#
#....>...#####.##.####.####
.# #.######.#
#)...........# .# ##.## #.#
#....#.##.##.#


You could see Grinder, a worm and a giant cockroach.

Vanquished Creatures
  An ooze (D:1)
  A dart slug (D:1)
  2 bats
  2 giant cockroaches
  4 goblins
  3 hobgoblins
  2 jackals (D:3)
  3 kobolds (D:2)
  A ball python (D:1)
  A giant newt (D:1)
  7 rats
27 creatures vanquished.

Notes
Turn   | Place    | Note
--------------------------------------------------------------
     0 | D:1      | nicanaca0 the Minotaur Berserker began the quest for the Orb.
     0 | D:1      | Reached XP level 1. HP: 19/19 MP: 0/0
    82 | D:1      | Reached skill level 4 in Axes
   172 | D:1      | Reached XP level 2. HP: 22/26 MP: 1/1
   562 | D:2      | Reached ** piety under Trog
   562 | D:2      | Reached skill level 5 in Axes
   698 | D:2      | Reached XP level 3. HP: 31/31 MP: 2/2
  1129 | D:3      | Noticed Grinder
  1141 | D:2      | Slain by Grinder

Skill      XL: |  1  2 |
---------------+-------+-----
Axes           | 4 5 |  5.2
Fighting       | |  3.6
Armour         | |  2.4
Dodging        | |  2.1

Action                   || total
-------------------------++-------
Melee: Hand axe          ||    51
       Headbutt          ||    10
  Eat: Chunk             ||     1
Armor: Animal skin       ||     3
       Ring mail         ||    12
       Leather armour    ||     2
Dodge: Dodged            ||    32
